Map: Last Remnant

Players

hamalaw - Winner!

  • Race: Terran Terran
  • Spawn Location: 12:00

ZhangFei - Winner!

  • Race: Terran Terran
  • League: Gold
  • Spawn Location: 12:00

JaySlays - Winner!

  • Race: Terran Terran
  • Spawn Location: 3:00

Wolf - Winner!

  • Race: Terran Terran
  • League: Diamond
  • Spawn Location: 1:00

Rodrigo

  • Race: Zerg Zerg
  • League: Diamond
  • Spawn Location: 7:00

LOUNETCO

  • Race: Protoss Protoss
  • Spawn Location: 6:00

Birus

  • Race: Zerg Zerg
  • Spawn Location: 6:00

xJACx

  • Race: Terran Terran
  • League: Gold
  • Spawn Location: 9:00

VOD

Have the link to the VOD?

Description

Time

  • Played on: April 16, 2018, 7:59 p.m.
  • Length: 10:04
Show
View Real Time Build Order
Export as new Build Order

hamalaw Terran - Winner!

Build Orders: Command Center First (CC), Bio Tank 

Get SALT Encoding   

  12  0:02  SCV  
  13  0:14  SCV  
  14  0:19  Supply Depot  
  14  0:26  SCV  
  15  0:41  SCV  
  16  0:53  SCV  
  17  1:01  Command Center  
  17  1:08  SCV  
  18  1:35  Command Center  
  18  1:39  SCV  
  19  1:47  Barracks  
  19  1:54  SCV  
  20  2:06  SCV  
  21  2:08  Refinery  
  21  2:16  SCV  
  21  2:18  SCV  
  23  2:34  Orbital Command  
  23  2:35  Orbital Command  
  23  2:36  Marine  
  24  2:48  Orbital Command  
  24  3:00  Barracks Tech Lab  
  24  3:01  Engineering Bay  
  24  3:02  Engineering Bay  
  24  3:06  SCV x2  
  26  3:17  SCV  
  26  3:18  SCV x2  
  26  3:19  Refinery  
  29  3:25  Marine  
  30  3:29  SCV  
  30  3:30  SCV x2  
  30  3:33  Refinery  
  33  3:37  Refinery  
  33  3:43  Marine  
  33  3:44  SCV x3  
  37  3:51  Supply Depot x2  
  37  3:56  SCV x3  
  37  3:59  Terran Infantry Weapons Level 1  
  37  4:02  Factory  
  40  4:06  Terran Infantry Armor Level 1  
  40  4:08  SCV x3  
  43  4:18  Marine  
  43  4:20  Stimpack, SCV x3  
  47  4:25  Refinery  
  47  4:26  Refinery  
  47  4:32  Barracks, SCV x2  
  47  4:33  SCV  
  47  4:34  Barracks x2  
  47  4:36  Barracks  
  50  4:38  Marine  
  50  4:44  SCV  
  50  4:45  SCV x2, Factory Tech Lab  
  54  4:48  Starport  
  54  4:56  SCV  
  54  4:57  SCV x2, Armory  
  57  5:09  Marine, SCV  
  57  5:11  Siege Tank  
  61  5:15  SCV x2  
  61  5:21  SCV  
  64  5:23  Barracks Reactor x3  
  64  5:24  Barracks Reactor  
  64  5:27  Marine, SCV, Starport Reactor  
  66  5:30  SCV  
  66  5:33  SCV  
  66  5:34  Supply Depot  
  68  5:35  Supply Depot  
  68  5:36  Supply Depot  
  68  5:37  Supply Depot  
  68  5:38  Supply Depot x2  
  68  5:39  SCV  
  68  5:40  Supply Depot  
  69  5:53  Supply Depot x2  
  69  5:55  Supply Depot  
  69  5:56  Marine, Supply Depot, SCV  
  71  5:57  Supply Depot  
  71  5:59  Terran Infantry Weapons Level 2  
  71  6:00  Terran Infantry Armor Level 2  
  71  6:03  Siege Tank  
  74  6:05  Medivac x2  
  74  6:06  Marine x4  
  82  6:13  Marine  
  83  6:23  Missile Turret  
  83  6:24  Missile Turret x2  
  83  6:26  Missile Turret  
  83  6:27  Marine x8, Missile Turret x2  
  83  6:31  Marine, Combat Shields  
  92  6:35  Medivac x2  
  96  6:44  Marine  
  96  6:45  Marine x7  
  104  6:47  Siege Tank  
  104  6:49  Marine  
  108  7:02  Marine  
  108  7:03  Marine x7  
  108  7:04  Supply Depot  
  108  7:06  Supply Depot  
  108  7:07  Supply Depot x2, Marine  
  108  7:08  Supply Depot  
  117  7:11  Medivac  
  117  7:13  Medivac  
  121  7:19  Siege Tank  
  121  7:20  Marine  
  121  7:21  Marine x7  
  132  7:25  Marine  
  133  7:38  Marine x4  
  133  7:39  Marine x2  
  133  7:41  Marine x2  
  133  7:42  Marine  
  133  7:43  Medivac x2  
  146  7:51  Siege Tank  
  146  7:56  Marine x6  
  155  7:58  Marine  
  155  7:59  Marine  
  155  8:00  Marine  
  158  8:14  Marine x6  
  158  8:16  Marine, Medivac  
  158  8:17  Marine, Medivac  
  158  8:18  Marine  
  169  8:23  Siege Tank  
  167  8:31  Marine  
  167  8:32  Marine x2  
  163  8:34  Marine x4  
  163  8:35  Marine  
  163  8:36  Marine  
  169  8:46  Medivac  
  169  8:47  Medivac  
  172  8:49  Marine  
  172  8:50  Marine x2  
  172  8:52  Marine x5  
  172  8:54  Marine  
  181  8:55  Siege Tank  
  182  9:07  Marine x3  
  182  9:09  Marine  
  181  9:10  Marine x2  
  181  9:14  Command Center  
  179  9:25  Marine  
  179  9:26  Marine x5  
  179  9:27  Marine, Medivac x2  
  179  9:28  Marine x2, Siege Tank  
  190  9:43  Marine  
  190  9:44  Marine x2  
Show
View Real Time Build Order
Export as new Build Order

ZhangFei Terran - Winner!

Build Orders:  

Get SALT Encoding   

  12  0:02  SCV  
  13  0:14  SCV  
  13  0:20  Supply Depot  
  14  0:26  SCV  
  15  0:41  SCV  
  16  0:45  Barracks  
  16  0:52  Refinery  
  16  0:54  SCV  
  17  1:06  SCV  
  18  1:18  SCV  
  19  1:30  SCV  
  19  1:32  Marine  
  21  1:34  Refinery  
  21  1:51  Orbital Command  
  22  2:05  Barracks Reactor  
  21  2:11  Factory  
  21  2:45  SCV  
  21  2:49  Marine  
  23  3:00  SCV  
  23  3:07  Supply Depot  
  23  3:19  Supply Depot  
  23  3:28  Marine x2, SCV  
  23  3:29  Cyclone  
  29  3:42  Supply Depot, SCV  
  29  3:46  Marine x2  
  32  3:48  Supply Depot  
  32  4:01  Cyclone  
  35  4:04  Marine x2, Supply Depot  
  35  4:09  SCV  
  38  4:12  Supply Depot  
  38  4:14  Factory  
  38  4:20  Command Center  
  38  4:22  Marine x2  
  40  4:39  Marine x2  
  42  4:50  Cyclone  
  45  4:57  Marine x2  
  33  5:10  Cyclone  
  36  5:16  Supply Depot  
  36  5:17  Supply Depot  
  35  5:22  Cyclone  
  35  5:23  Supply Depot  
  38  5:29  SCV  
  39  5:38  Orbital Command  
  39  5:41  SCV  
  40  5:43  Cyclone  
  43  6:31  Cyclone x2  
  35  7:18  Orbital Command  
  35  7:19  Cyclone x2  
  41  7:50  SCV  
  42  7:51  Cyclone  
  42  7:57  Cyclone  
  48  8:02  SCV  
  28  9:18  Cyclone x2  
Show
View Real Time Build Order
Export as new Build Order

JaySlays Terran - Winner!

Build Orders: MMM Bio 

Get SALT Encoding   

  12  0:01  SCV  
  13  0:13  SCV  
  14  0:23  Supply Depot  
  14  0:27  SCV  
  15  0:45  Barracks, SCV  
  16  0:53  Refinery  
  17  0:57  SCV  
  17  1:09  SCV  
  18  1:21  SCV  
  19  1:33  SCV  
  19  1:36  Reaper  
  21  1:43  Supply Depot  
  22  1:54  Orbital Command  
  22  1:58  Refinery  
  21  2:20  Factory  
  21  2:29  SCV  
  22  2:35  Barracks Tech Lab  
  22  2:43  Barracks  
  22  2:46  SCV  
  23  2:58  SCV  
  24  3:09  Command Center  
  24  3:10  SCV  
  25  3:15  Siege Tank  
  28  3:20  Supply Depot  
  28  3:22  SCV  
  28  3:23  Barracks Tech Lab  
  29  3:37  Barracks Reactor  
  29  3:41  SCV  
  29  3:48  Marine  
  31  4:06  Marine, Siege Tank  
  31  4:08  Barracks  
  35  4:12  SCV  
  36  4:23  Marine  
  36  4:24  SCV  
  38  4:25  Marine x2  
  38  4:28  Stimpack  
  40  4:36  SCV  
  41  4:51  Supply Depot  
  41  4:53  Supply Depot  
  41  5:04  Barracks Reactor  
  41  5:13  Marine, Siege Tank  
  41  5:23  Marine x2  
  43  5:31  Marine  
  44  5:40  Marine  
  44  5:42  Marine  
  46  5:44  Marine x2, Engineering Bay  
  46  5:47  Barracks  
  46  5:48  Marine  
  46  5:49  Command Center  
  49  5:58  Marine  
  49  5:59  Marine  
  49  6:01  Marine  
  52  6:05  Starport  
  52  6:18  Command Center  
  52  6:20  Marine x3  
  55  6:26  Supply Depot  
  55  6:27  Supply Depot  
  55  6:33  Combat Shields  
  55  6:36  Terran Infantry Weapons Level 1  
  55  6:41  Barracks Reactor  
  55  6:44  Supply Depot  
  55  6:46  Supply Depot  
  55  6:47  Marine x2  
  55  6:48  Starport Reactor  
  55  6:49  Marine  
  55  6:50  Marine x2  
  60  7:00  Siege Tank  
  63  7:26  Marine x2  
  63  7:27  Medivac  
  63  7:28  Medivac  
  69  7:32  Siege Tank  
  72  7:58  Orbital Command  
  72  8:00  SCV  
  73  8:11  Armory  
  73  8:12  SCV  
  74  8:15  Siege Tank  
  74  8:16  Marine  
  74  8:17  Marine x3  
  74  8:18  Marine  
  82  8:24  SCV  
  83  8:45  Marine x3  
  83  8:46  Marine  
  87  8:50  Siege Tank  
  90  8:56  SCV x2  
  92  9:08  SCV  
  80  9:24  Marine  
  80  9:25  Marine x5  
  80  9:30  Medivac x2  
  89  9:31  SCV  
  89  9:32  SCV  
  89  9:35  Marine  
  95  9:42  Marine  
  95  9:43  Marine x3  
Show
View Real Time Build Order
Export as new Build Order

Wolf Terran - Winner!

Build Orders: MMM Bio 

Get SALT Encoding   

  12  0:01  SCV  
  13  0:13  SCV  
  14  0:28  Supply Depot, SCV  
  15  0:33  Refinery  
  15  0:50  SCV  
  15  0:54  Barracks  
  16  1:02  SCV  
  17  1:14  SCV  
  18  1:26  SCV  
  19  1:38  SCV  
  20  1:54  Command Center  
  21  1:55  Orbital Command  
  21  1:56  Barracks Reactor  
  20  2:04  Refinery  
  20  2:09  Supply Depot  
  20  2:27  SCV  
  21  2:35  Marine x2  
  23  2:37  Factory  
  23  2:47  Barracks, SCV  
  24  3:06  SCV  
  25  3:13  Marine x2  
  25  3:18  SCV  
  28  3:21  Starport  
  28  3:22  Factory Tech Lab  
  28  3:30  SCV  
  28  3:32  Orbital Command  
  29  3:37  Barracks Tech Lab  
  29  3:42  SCV  
  30  3:53  Marine  
  30  3:54  SCV  
  32  3:56  Engineering Bay  
  32  3:58  SCV  
  32  3:59  Engineering Bay  
  33  4:04  Marine  
  33  4:06  SCV  
  33  4:07  Starport Reactor  
  35  4:10  SCV  
  36  4:18  SCV  
  36  4:20  Siege Tank  
  36  4:22  Stimpack, SCV  
  36  4:24  Marine  
  41  4:25  Marine  
  43  4:40  Terran Infantry Armor Level 1  
  43  4:41  Terran Infantry Weapons Level 1  
  43  4:42  Marine x2  
  43  4:43  Marine  
  46  5:08  Marine  
  45  5:14  Marine  
  46  5:31  Supply Depot  
  46  5:32  Supply Depot  
  46  5:39  Refinery  
  46  5:40  Refinery  
  46  5:44  Marine, Medivac x2  
  46  5:45  Marine x2, Siege Tank, SCV x2  
  58  5:57  SCV x2  
  58  5:58  Armory  
  58  6:02  Marine  
  58  6:03  Marine x2  
  63  6:09  SCV x2  
  65  6:21  Marine x3  
  68  6:39  Marine  
  69  6:45  Marine x2  
  71  6:47  Siege Tank  
  71  6:53  Terran Infantry Armor Level 2, Terran Infantry Weapons Level 2  
  74  6:56  Medivac x2  
  78  7:46  Barracks  
  78  7:47  Barracks  
  78  7:54  Barracks  
  78  7:55  Command Center, Combat Shields  
  78  8:03  Supply Depot  
  78  8:06  Marine x3  
  78  8:07  Siege Tank, Liberator  
  78  8:08  Supply Depot  
  78  8:10  SCV  
  78  8:12  SCV  
  86  8:24  Marine x3  
  92  8:42  Marine x2  
  94  9:03  Marine x3  
  94  9:06  Barracks Tech Lab, Barracks Reactor x2  
  97  9:20  Marine  
Show
View Real Time Build Order
Export as new Build Order

Rodrigo Zerg 

Build Orders: Hatch First 

Get SALT Encoding   

  12  0:16  Drone x2  
  14  0:24  Overlord  
  14  0:44  Drone x2  
  14  0:49  Drone  
  17  1:12  Hatchery  
  17  1:14  Drone  
  17  1:15  Extractor, Spawning Pool  
  15  1:18  Drone  
  16  1:31  Drone  
  17  1:40  Drone  
  17  1:45  Extractor  
  17  1:46  Drone  
  18  2:02  Queen  
  20  2:12  Drone  
  20  2:13  Drone  
  22  2:15  Roach Warren  
  21  2:23  Drone  
  21  2:26  Queen  
  24  2:33  Drone x2  
  26  2:56  Overlord, Roach  
  26  2:57  Overlord  
  28  3:06  Metabolic Boost  
  28  3:10  Lair  
  28  3:15  Drone  
  28  3:16  Drone x2  
  28  3:17  Roach  
  28  3:18  Drone  
  34  3:25  Overlord  
  34  3:39  Roach x3  
  40  3:43  Ravager x2  
  42  3:52  Overlord  
  42  3:54  Drone x3  
  45  3:57  Extractor  
  45  4:01  Extractor  
  43  4:21  Glial Reconstitution  
  43  4:29  Drone x4  
  47  4:34  Hatchery, Ravager x2  
  47  4:37  Overlord  
  48  4:50  Overlord  
  48  4:51  Drone x2  
  48  4:52  Drone  
  45  5:36  Drone x5, Hydralisk Den  
  45  5:37  Drone x5  
  45  5:39  Drone  
  55  5:58  Drone x5  
  55  6:00  Roach x3  
  55  6:01  Roach  
  55  6:02  Queen  
  70  6:07  Muscular Augments  
  70  6:18  Drone x2, Evolution Chamber  
  72  6:22  Drone x3, Extractor  
  72  6:23  Overlord  
  72  6:24  Overlord  
  73  6:26  Hydralisk  
  75  6:46  Hydralisk x8  
  91  7:00  Hydralisk x3  
  97  7:04  Zerg Missile Weapons Level 1  
  97  7:11  Drone x2, Evolution Chamber  
  97  7:13  Extractor  
  97  7:29  Spore Crawler, Hydralisk, Grooved Spines  
  98  7:31  Overlord x4  
  98  7:32  Spore Crawler  
  97  7:38  Spore Crawler  
  97  7:40  Zerg Ground Armor Level 1  
  97  7:43  Nydus Network  
  95  7:56  Hydralisk x8  
  111  8:11  Hydralisk x6, Roach x2  
  111  8:12  Hydralisk  
  104  8:32  Hydralisk x4  
  112  8:43  Ravager  
  92  9:00  Hydralisk x7  
  92  9:01  Hydralisk  
  102  9:09  Lurker Den  
  91  9:17  Ravager  
  91  9:20  Hydralisk x4  
  91  9:21  Roach x2  
  93  9:27  Roach x2  
  93  9:28  Roach  
Show
View Real Time Build Order
Export as new Build Order

LOUNETCO Protoss 

Build Orders:  

Get SALT Encoding   

  12  0:01  Probe (Chrono Boost)  
  13  0:15  Pylon  
  13  0:18  Probe (Chrono Boost)  
  14  0:28  Probe  
  15  0:57  Forge  
  15  0:58  Gateway  
  15  1:04  Assimilator  
  15  1:07  Probe  
  16  1:19  Probe (Chrono Boost)  
  17  1:31  Probe (Chrono Boost)  
  18  1:34  Gateway  
  18  1:35  Probe (Chrono Boost)  
  19  1:48  Pylon  
  19  1:50  Probe  
  20  1:54  Assimilator  
  20  2:02  Probe  
  21  2:10  Photon Cannon  
  21  2:24  Pylon  
  20  2:32  Probe  
  21  2:42  Cybernetics Core  
  21  2:44  Probe, Gateway  
  21  2:49  Photon Cannon  
  22  2:56  Probe  
  23  3:09  Probe  
  24  3:24  Pylon  
  24  3:29  Nexus  
  24  3:30  Warp Gate (Chrono Boost)  
  24  3:32  Assimilator  
  24  3:42  Probe  
  25  3:55  Probe  
  26  3:58  Pylon  
  26  4:03  Robotics Facility  
  26  4:07  Probe  
  27  4:19  Probe  
  28  4:26  Nexus  
  28  4:30  Pylon  
  28  4:31  Probe  
  29  4:43  Probe  
  30  4:50  Immortal (Chrono Boost)  
  34  4:55  Protoss Ground Weapons Level 1 (Chrono Boost)  
  34  5:09  Probe  
  34  5:10  Probe  
  36  5:21  Probe  
  36  5:22  Probe  
  38  5:33  Immortal (Chrono Boost), Probe  
  38  5:34  Probe  
  40  5:36  Assimilator  
  40  5:40  Robotics Bay  
  44  5:45  Probe, Robotics Facility  
  44  5:47  Probe  
  46  5:57  Probe  
  46  5:58  Probe  
  46  5:59  Probe  
  49  6:07  Pylon  
  49  6:09  Probe  
  49  6:10  Probe  
  51  6:11  Probe  
  52  6:21  Probe  
  52  6:23  Observer (Chrono Boost)  
  54  6:36  Warp Prism (Chrono Boost)  
  56  6:43  Stalker x3  
  56  6:57  Probe x3  
  59  7:09  Probe x3  
  59  7:10  Assimilator  
  59  7:13  Pylon  
  59  7:15  Pylon  
  62  7:16  Assimilator  
  62  7:17  Pylon x2  
  62  7:19  Pylon  
  62  7:21  Probe x3, Pylon  
  65  7:27  Pylon  
  65  7:33  Probe x3  
  68  7:37  Gateway  
  68  7:43  Gateway  
  68  7:45  Probe x3  
  68  7:47  Gateway  
  68  7:49  Pylon  
  68  7:50  Pylon  
  71  7:52  Observer x2 (Chrono Boost)  
  71  7:57  Probe  
  71  7:58  Probe x2  
  76  8:09  Probe  
  76  8:10  Probe x2  
  76  8:21  Probe  
  76  8:22  Probe x2  
  75  8:34  Probe x2  
Show
View Real Time Build Order
Export as new Build Order

Birus Zerg 

Build Orders: Hatch First 

Get SALT Encoding   

  12  0:30  Drone x2  
  14  0:42  Hatchery  
  13  0:45  Overlord  
  13  0:51  Drone  
  14  1:27  Extractor, Spawning Pool  
  12  1:34  Extractor  
  12  1:35  Drone x3  
  14  1:53  Hatchery  
  13  1:54  Drone  
  14  2:06  Drone  
  15  2:15  Drone  
  16  2:27  Drone x2  
  18  2:31  Drone  
  18  2:35  Drone  
  20  2:42  Drone  
  20  2:44  Drone  
  22  2:46  Drone  
  22  2:50  Drone  
  24  3:00  Lair  
  24  3:07  Drone x2  
  24  3:08  Drone  
  24  3:11  Extractor  
  26  3:13  Extractor  
  26  3:15  Drone x2  
  26  3:17  Drone  
  26  3:19  Drone  
  29  3:23  Drone  
  29  3:25  Drone  
  32  3:27  Drone  
  32  3:31  Overlord  
  32  3:44  Spore Crawler  
  32  3:47  Spore Crawler  
  30  3:49  Drone x5  
  35  3:57  Drone x2  
  37  4:02  Infestation Pit  
  37  4:06  Hydralisk Den  
  35  4:13  Evolution Chamber  
  35  4:15  Drone x2, Evolution Chamber  
  35  4:24  Drone  
  35  4:25  Drone x4  
  35  4:28  Drone  
  41  4:38  Overlord  
  41  4:44  Overlord  
  41  4:53  Extractor, Queen  
  41  4:54  Extractor  
  41  4:56  Queen x2  
  45  5:05  Zerg Missile Weapons Level 1  
  45  5:06  Zerg Ground Armor Level 1  
  45  5:08  Grooved Spines  
  45  5:14  Overlord x2  
  45  5:15  Overlord  
  45  5:28  Drone x3  
  47  5:31  Drone x2  
  47  5:32  Drone  
  51  5:35  Spore Crawler  
  65  5:56  Drone x3  
  68  6:06  Nydus Network  
  68  6:08  Drone x3  
  70  6:25  Muscular Augments  
  82  6:33  Overlord x2  
  82  6:34  Overlord x2  
  82  7:02  Drone  
  82  7:03  Drone x5  
  82  7:07  Zerg Missile Weapons Level 2  
  82  7:08  Zerg Ground Armor Level 2  
  97  7:23  Swarm Host  
  97  7:28  Hive  
  106  7:35  Overlord x3  
  106  7:36  Overlord x2  
  106  7:40  Burrow  
  142  8:45  Hydralisk  
  142  8:46  Hydralisk x5  
  140  9:29  Hydralisk x3  
  140  9:30  Hydralisk x3  
Show
View Real Time Build Order
Export as new Build Order

xJACx Terran 

Build Orders:  

Get SALT Encoding   

  12  0:02  SCV  
  14  0:14  SCV  
  14  0:26  SCV  
  15  0:36  Supply Depot  
  15  0:59  Barracks  
  15  1:02  Barracks  
  15  1:05  Barracks  
  15  1:20  Barracks  
  15  1:23  Supply Depot  
  15  1:47  Supply Depot  
  15  1:57  Marine x2  
  15  1:58  Marine  
  18  2:08  Marine  
  19  2:15  Marine x3  
  22  2:24  Supply Depot  
  22  2:30  Marine  
  22  2:33  Marine x3  
  26  2:54  Marine  
  26  2:55  Marine x3  
  30  3:12  Marine  
  31  3:13  Marine x3  
  34  3:23  Supply Depot  
  34  3:28  Refinery  
  34  3:30  Marine x4  
  38  3:48  Marine x3  
  39  3:50  SCV  
  42  4:03  SCV  
  43  4:13  Marine x4  
  43  4:15  SCV  
  48  4:46  Marine  
  48  4:47  Marine x3  
  44  5:04  Marine  
  44  5:05  Marine x3  
  26  5:22  Marine  
  26  5:25  Marine  
  26  5:26  Marine x2  
  30  5:40  Marine  
  31  5:43  Marine  
  31  5:44  Marine x2  
  34  5:57  Marine, Command Center  
  34  6:01  Marine  
  34  6:02  Marine x2  
  30  6:47  Orbital Command  
  30  6:51  Refinery  
  30  7:08  Barracks Reactor  
  30  7:11  Barracks Reactor  
  30  7:16  Barracks Reactor  
  30  7:21  Barracks Reactor  
  30  7:49  SCV  
  31  8:01  SCV  
  32  8:10  Marine x2  
  32  8:11  Marine x2  
  34  8:13  SCV  
  34  8:25  SCV  
  35  8:28  Marine  
  34  8:37  SCV  
  34  8:38  Orbital Command  
  32  9:03  Orbital Command  
  6  9:31  SCV  
  6  9:33  Supply Depot  
  6  9:36  SCV  
  8  9:44  SCV  
  9  9:48  SCV  
Tags
 
Add a new tag
Caveats
  • Supply blocks, unpowered buildings, or Contaminate may cause inaccurate times.
  • Supply counts are checked every 10 seconds.